 Dungeon Crawl Stone Soup version 0.28.0-45-g0d030f2227 (webtiles) character file.

Game seed: 17982381155195723619

26673 Bruhh the Thaumaturge (level 13, -26/81 HPs)
             Began as a Gargoyle Earth Elementalist on Apr 17, 2022.
             Was a High Priest of Fedhas.
             Annihilated by a bog body (37 damage)
             ... on level 3 of the Lair of Beasts.
             The game lasted 01:11:44 (19112 turns).

Bruhh the Thaumaturge (GrEE)                       Turns: 19112, Time: 01:11:44

Health: -26/81     AC: 18    Str: 17      XL:     13   Next: 27%
Magic:  17/36      EV: 11    Int: 24 (27) God:    Fedhas [*****.]
Gold:   443        SH:  0    Dex: 10      Spells: 15/32 levels left

rFire   . . .      SeeInvis .   q - +7 spear of the Elven Halls {vorpal, rC- rCorr MP+9 Int+5}
rCold   x . .      Faith    .   G - orb {*channel}
rNeg    + . .      Spirit   .   A - +0 steam dragon scales
rPois   ∞          Reflect  .   (no helmet)
rElec   +          Harm     .   F - scarf {repulsion}
rCorr   +          Rampage  .   m - +2 pair of gloves
Will    .....                   u - +0 pair of boots
Stlth   ++........              E - amulet of magic regeneration
HPRegen 0.23/turn               L - +6 ring of strength
MPRegen 0.65/turn               e - ring of flight

@: flying, slowed, repel missiles, very slow
A: sickness immunity, AC +9, negative energy resistance 1, electricity
resistance, torment resistance 1, petrification resistance
a: Renounce Religion, Wall of Briars, Grow Ballistomycete, Overgrow, Grow Oklob


You were on level 3 of the Lair of Beasts.
You worshipped Fedhas.
Fedhas was extremely pleased with you.
You visited 2 branches of the dungeon, and saw 14 of its levels.

You collected 905 gold pieces.
You spent 462 gold pieces at shops.

Inventory:

Hand Weapons
 h - a +1 dagger of venom
 l - a +3 short sword of chaos
 q - the +7 spear of the Elven Halls (weapon) {vorpal, rC- rCorr MP+9 Int+5}
   (You found it on level 5 of the Dungeon)

   It inflicts extra damage upon your enemies.
   Int:       It affects your intelligence (+5).
   rC:        It makes you vulnerable to cold.
   MP:        It affects your magic capacity (+9).
   rCorr:     It protects you from acid and corrosion.
Missiles
 c - 261 stones
 z - a throwing net
Armour
 b - a +1 robe
 m - a +2 pair of gloves (worn)
 u - a +0 pair of boots (worn)
 A - +0 steam dragon scales (worn)
 F - a scarf of repulsion (worn)
 G - an orb of energy (worn)
Jewellery
 e - a ring of flight (right hand)
 j - a +4 ring of evasion
 y - an amulet of guardian spirit
 E - an amulet of magic regeneration (around neck)
 L - a +6 ring of strength (left hand)
Wands
 x - a wand of polymorph (8)
 H - a wand of acid (9)
Scrolls
 k - 5 scrolls of magic mapping
 n - 3 scrolls of vulnerability
 o - a scroll of blinking
 p - a scroll of immolation
 s - 4 scrolls of teleportation
 t - a scroll of enchant armour
 v - 2 scrolls of fear
 I - a scroll of fog
Potions
 a - 4 potions of brilliance
 d - 8 potions of curing
 f - 5 potions of lignification
 g - 5 potions of might
 i - 3 potions of haste
 B - 2 potions of ambrosia
 D - a potion of flight


   Skills:
 + Level 9.7 Fighting
 - Level 1.5 Dodging
 - Level 2.1 Stealth
 - Level 10.0 Spellcasting
 - Level 10.0 Conjurations
 - Level 6.0 Hexes
 - Level 0.7 Transmutations
 - Level 10.0 Earth Magic
 * Level 8.8 Invocations
 - Level 7.0 Evocations


You had 15 spell levels left.
You knew the following spells:

 Your Spells              Type           Power      Damage    Failure   Level
a - Sandblast             Erth           100%       2d20      1%          1
b - Stone Arrow           Conj/Erth      100%       3d13      1%          3
c - Lee's Rapid Deconstr  Erth           28%        3d16*     2%          5
d - Leda's Liquefaction   Hex/Erth       25%        N/A       1%          4
e - Petrify               Tmut/Erth      37%        N/A       6%          4

Your spell library contained the following spells:

 Spells                   Type           Power      Damage    Failure   Level
 Magic Dart               Conj           100%       1d8       1%          1
 Passwall                 Tmut/Erth      30%        N/A       1%          2
 Static Discharge         Conj/Air       36%        N/A       1%          2
 Fulminant Prism          Conj/Hex       25%        3d14      1%          4
 Beastly Appendage        Tmut           30%        N/A       4%          1
 Mephitic Cloud           Conj/Pois/Air  27%        N/A       4%          3
 Portal Projectile        Hex/Tloc       52%        N/A       4%          3
 Summon Guardian Golem    Hex/Summ       26%        N/A       4%          3
 Summon Small Mammal      Summ           48%        N/A       5%          1
 Wereblood                Tmut           15%        N/A       6%          2
 Animate Armour           Summ/Erth      72%        N/A       7%          4
 Iskenderun's Mystic Bla  Conj/Tloc      36%        2d9       7%          4
 Sticky Flame             Conj/Fire      36%        2d6       7%          4
 Call Imp                 Summ           12%        N/A       8%          2
 Spider Form              Tmut/Pois      13%        N/A       14%         3
 Call Canine Familiar     Summ           12%        N/A       16%         3
 Frozen Ramparts          Ice            24%        1d4       16%         3
 Ice Form                 Ice/Tmut       13%        N/A       41%         4
 Dispel Undead            Necr           12%        3d9       45%         4
 Summon Ice Beast         Ice/Summ       12%        N/A       45%         4
 Summon Lightning Spire   Summ/Air       12%        N/A       45%         4
 Lehudib's Crystal Spear  Conj/Erth      28%        10d7      99%         8
 Storm Form               Tmut/Air       6%         N/A       100%        7
 Maxwell's Capacitive Co  Air            6%         ∞         100%        8


Dungeon Overview and Level Annotations

Branches:
Dungeon (11/15)            Temple (0/1) D:6            Lair (3/6) D:10
  Swamp (0/4) Lair:3       Spider (0/4) Lair:2          Orc (0/2) D:11

Altars:
Cheibriados
Dithmenos
Elyvilon
Fedhas
Gozag
Hepliaklqana
Kikubaaqudgha
Makhleb
Sif Muna
Trog
Xom
The Shining One

Shops:
D:3 =   D:7 :   D:9 *

Annotations:
D:3 1 runed translucent door, Crazy Yiuf
D:10 1 runed translucent door, DemonSlayer's ghost, novice DsFE


Innate Abilities, Weirdness & Mutations

You are immune to sickness and miasma.
Your stone body is resilient. (AC +9)
You are immune to poison.
You resist negative energy. (rN+)
You are resistant to electric shocks. (rElec)
You are resistant to unholy torment.
You are immune to petrification.


Message History

Aiming: Stone Arrow (safe; 1% risk of failure)
Press: ? - help, Shift-Dir - straight line, f/p - elephant
Aim: an elephant (almost dead, 100% to hit)
The stone arrow hits the elephant!!
You kill the elephant!
Fedhas appreciates your contribution to the ecosystem.
The blink frog barely misses you. The bog body casts a spell at you.
You resist with significant effort.
The blink frog hits you but does no damage.
Casting: Stone Arrow (safe; 1% risk of failure)
Confirm with . or Enter, or press ? or * to list all spells.
Aiming: Stone Arrow (safe; 1% risk of failure)
Press: ? - help, Shift-Dir - straight line, f - blink frog
Aim: a blink frog (61% to hit)
The stone arrow hits the blink frog!
The blink frog is moderately wounded.
The blink frog blinks! x2
Casting: Stone Arrow (safe; 1% risk of failure)
Confirm with . or Enter, or press ? or * to list all spells.
You can't see any susceptible monsters within range! (Use Z to cast anyway.)
The bog body points at you and mumbles some strange words.
The bolt of cold hits you!!!
You feel a terrible chill!
Ouch! That really hurt!
* * * LOW HITPOINT WARNING * * *
The blink frog hits you.
* * * LOW HITPOINT WARNING * * *
Casting: Stone Arrow (safe; 1% risk of failure)
Confirm with . or Enter, or press ? or * to list all spells.
Aiming: Stone Arrow (safe; 1% risk of failure)
Press: ? - help, Shift-Dir - straight line, f/p - blink frog
Aim: a blink frog (moderately wounded, 61% to hit)
The stone arrow hits the blink frog!
The blink frog is heavily wounded.
The blink frog closely misses you. The blink frog barely misses you.
You feel much better.
The blink frog blinks!
The bog body touches you!
* * * LOW HITPOINT WARNING * * *
The bog body freezes you!!!
You feel a terrible chill!
You die...
Fedhas appreciates your contribution to the ecosystem.

######.#.........
###..[....# #.......## ###
##.......## ######.#
P####P........####.#...###
..P.............#.##......
..........................
........F§...........†.....
...#......@................
.##.......n......†.........
#........................
##.........P#..P.P.......
#..###..†.....##PP.####.##
.##......######## ###
≈..........# §§§.........#
§§≈.........##


You could see a bog body and a blink frog.

Vanquished Creatures
  3 hydras
  3 two-headed ogres
  3 death yaks
  A bog body (Lair:3)
  3 elephants
  3 black mambas (Lair:2)
  Joseph (Lair:1)
  10 cane toads
  A komodo dragon (Lair:1)
  A polar bear (Lair:1)
  A troll (D:9)
  Grinder (D:6)
  5 blink frogs (Lair:1)
  3 wraiths
  32 yaks
  2 wyverns
  5 basilisks
  2 steam dragons (D:9)
  Menkaure (D:6)
  7 water moccasins
  An ice beast (D:6)
  2 black bears (D:10)
  6 orc warriors
  2 sky beasts (D:7)
  2 necrophages
  An ogre (D:6)
  14 centaurs
  3 wolves (Lair:3)
  A phantom (D:5)
  10 bullfrogs
  4 gnoll sergeants
  8 scorpions
  3 killer bees (D:8)
  9 wights
  5 electric eels (Lair:1)
  A howler monkey (D:10)
  A bullfrog zombie (D:5)
  8 centaur zombies
  3 hounds
  A centaur skeleton (D:6)
  2 orc priests
  2 jellies
  2 iguanas
  A scorpion zombie (D:5)
  12 orc wizards
  A hound zombie (D:5)
  A hound skeleton (D:4)
  3 adders
  19 gnolls
  A white imp (D:6)
  An ufetubus (D:5)
  2 worms
  A dart slug (D:4)
  42 orcs
  5 ball pythons
  2 bats (D:1)
  4 endoplasms
  7 giant cockroaches
  11 goblins
  7 hobgoblins
  2 jackals (D:3)
  A quokka (D:1)
  2 frilled lizards
  8 kobolds
  2 rats
314 creatures vanquished.

Vanquished Creatures (collateral kills)
  An orc (D:8)
1 creature vanquished.

Vanquished Creatures (others)
  A centaur zombie (D:11)
  24 fungi
  42 plants
67 creatures vanquished.

Grand Total: 382 creatures vanquished

Notes
Turn   | Place    | Note
-------+----------+-------------------------------------------
     0 | D:1      | Bruhh the Gargoyle Earth Elementalist began the quest for
                  | the Orb.
     0 | D:1      | Reached XP level 1. HP: 10/10 MP: 3/3
   140 | D:1      | Reached XP level 2. HP: 15/15 MP: 1/5
   566 | D:1      | Found a faded altar of an unknown god.
   990 | D:2      | Reached XP level 3. HP: 19/19 MP: 4/6
  1032 | D:2      | Reached skill level 5 in Earth Magic
  1503 | D:3      | Reached XP level 4. HP: 5/24 MP: 0/8
  1776 | D:3      | Found a runed translucent door.
  1777 | D:3      | Noticed Crazy Yiuf
  1927 | D:3      | Found Joatzay's Jewellery Shop.
  2143 | D:3      | Found a snail-covered altar of Cheibriados.
  2548 | D:3      | Found a shimmering blue altar of Sif Muna.
  2579 | D:3      | Reached XP level 5. HP: 3/28 MP: 5/10
  3729 | D:4      | Noticed a centaur
  3736 | D:4      | Killed a centaur
  3737 | D:4      | Reached skill level 5 in Spellcasting
  3737 | D:4      | Reached XP level 6. HP: 20/32 MP: 7/13
  3744 | D:4      | Learned a level 3 spell: Stone Arrow
  3869 | D:4      | Reached skill level 1 in Conjurations
  4085 | D:4      | Found a shadowy altar of Dithmenos.
  4230 | D:4      | Found a burning altar of Makhleb.
  4560 | D:5      | Entered Level 5 of the Dungeon
  4569 | D:5      | Identified the +7 spear of the Elven Halls {vorpal, rC-
                  | rCorr MP+9 Int+5}
  4571 | D:5      | Reached XP level 7. HP: 36/36 MP: 9/14
  5354 | D:5      | Found a blossoming altar of Fedhas.
  5359 | D:5      | You are sucked into a shaft and drop 1 floor!
  5859 | D:5      | Noticed an oklob plant
  6158 | D:5      | Became a worshipper of Fedhas Madash
  6315 | D:6      | Reached XP level 8. HP: 40/41 MP: 18/18
  6435 | D:6      | Noticed Grinder
  6477 | D:5      | Reached skill level 1 in Evocations
  6597 | D:6      | Killed Grinder
  6915 | D:6      | Found a staircase to the Ecumenical Temple.
  6930 | D:6      | Reached skill level 5 in Evocations
  6989 | D:6      | Noticed Menkaure
  6994 | D:6      | Killed Menkaure
  6995 | D:6      | Reached XP level 9. HP: 45/45 MP: 19/19
  7032 | D:6      | Found an opulent altar of Gozag.
  7038 | D:6      | Found a glowing golden altar of the Shining One.
  7297 | D:6      | Reached * piety under Fedhas
  7622 | D:7      | Found Osyomit's Book Shop.
  7773 | D:7      | Reached skill level 1 in Invocations
  8239 | D:7      | Reached skill level 5 in Invocations
  8749 | D:8      | Reached ** piety under Fedhas
  9182 | D:8      | Reached XP level 10. HP: 46/50 MP: 20/20
  9219 | D:8      | Found a hazy altar of Hepliaklqana.
  9704 | D:8      | Learned a level 5 spell: Lee's Rapid Deconstruction
 10434 | D:9      | Found an ancient bone altar of Kikubaaqudgha.
 10734 | D:9      | Found a white marble altar of Elyvilon.
 10744 | D:9      | Reached *** piety under Fedhas
 11034 | D:9      | Found Harit's Neck Hole.
 11050 | D:9      | Bought an amulet of magic regeneration for 330 gold pieces
 11050 | D:9      | Bought a scarf of repulsion for 132 gold pieces
 11319 | D:10     | Entered Level 10 of the Dungeon
 11323 | D:10     | Found a runed translucent door.
 11324 | D:10     | Noticed DemonSlayer's ghost (novice DsFE)
 11325 | D:10     | Noticed a death knight
 11364 | D:10     | Reached XP level 11. HP: 55/55 MP: 2/24
 11375 | D:10     | Noticed a two-headed ogre
 11384 | D:10     | Reached skill level 5 in Conjurations
 11661 | D:10     | Killed a two-headed ogre
 11792 | D:10     | Found a bloodstained altar of Trog.
 11990 | D:10     | Reached skill level 10 in Spellcasting
 12009 | D:10     | Reached **** piety under Fedhas
 12269 | D:10     | Found a staircase to the Lair.
 12355 | D:10     | Found a shimmering altar of Xom.
 12566 | D:11     | Noticed a two-headed ogre
 12572 | D:11     | Killed a two-headed ogre
 12962 | D:11     | Found a staircase to the Orcish Mines.
 12967 | D:11     | Noticed a two-headed ogre
 12972 | D:11     | Killed a two-headed ogre
 12982 | D:11     | Learned a level 4 spell: Leda's Liquefaction
 13256 | D:11     | Noticed a fire crab
 13290 | Lair:1   | Entered Level 1 of the Lair of Beasts
 13405 | Lair:1   | Reached skill level 1 in Hexes
 13491 | Lair:1   | Reached skill level 10 in Conjurations
 13902 | Lair:1   | Reached XP level 12. HP: 38/60 MP: 26/26
 14030 | Lair:1   | Noticed an eight-headed hydra
 14243 | Lair:2   | Noticed a death yak
 14383 | Lair:1   | Reached ***** piety under Fedhas
 14885 | Lair:1   | Noticed Joseph
 14903 | Lair:1   | Killed Joseph
 15043 | Lair:1   | Killed an eight-headed hydra
 15044 | Lair:1   | Reached skill level 5 in Hexes
 15078 | Lair:1   | Noticed a six-headed hydra
 15081 | Lair:1   | Killed a six-headed hydra
 15082 | Lair:1   | Reached skill level 10 in Earth Magic
 15452 | Lair:2   | Noticed a death yak
 15467 | Lair:2   | Noticed a death yak
 15471 | Lair:1   | Killed a death yak
 15472 | Lair:1   | Reached skill level 1 in Fighting
 15477 | Lair:1   | Learned a level 4 spell: Petrify
 15631 | Lair:2   | Killed a death yak
 15805 | Lair:2   | Noticed a six-headed hydra
 15812 | Lair:1   | Killed a death yak
 16007 | Lair:2   | Killed a six-headed hydra
 16008 | Lair:2   | Reached skill level 5 in Fighting
 16516 | Lair:2   | Found a hole to the Spider Nest.
 17307 | Lair:2   | Reached XP level 13. HP: 78/78 MP: 11/27
 19093 | Lair:3   | Found a staircase to the Swamp.
 19110 | Lair:3   | HP: 4/81 [blink frog (6)]
 19112 | Lair:3   | Annihilated by a bog body

Illustrated notes

Levels and vault maps discovered:
D:1:      kennysheep_arrival_seaside, layout_rooms,
          chequers_ecumenical_altar_twisty
D:2:      layout_basic, chequers_serial_rivers_small_3
D:3:      layout_basic, kennysheep_orc_sif_temple, mainiacjoe_overflow_brackets,
          serial_shops, nicolae_shop_trees, minmay_misc_feat_square,
          uniq_crazy_yiuf_cottage
D:4:      layout_gridville, kennysheep_little_box, overflow_temple_1_default
D:5:      layout_basic, tgw_fedhas
D:6:      layout_loops_corners, jmf_multi_god_temple,
          minmay_temple_entry_offerings, chequers_serial_rivers_micro_d,
          due_unseen_surprise, uniq_menkaure, uniq_grinder
D:7:      layout_cave_pools, nicolae_overflow_hidden_temple, serial_shops,
          nicolae_stop_n_shop_2, kennysheep_cross_bottleneck
D:8:      layout_basic, lemuel_round_altar
D:9:      layout_roguey, nicolae_elyvilon_peaceful_grove,
          mainiacjoe_overflow_small_starburst, nrook_loot_triangle,
          nicolae_shop_sticking_my_neck_out
D:10:     layout_cross, xom_teletrap_fun, lightli_temple_of_fire,
          grunt_lair_entry_orc_guard_hut, enter_bailey_5,
          ebering_ghost_inner_flame
D:11:     layout_loops_cross, orc_0_dummy, chequers_serial_rivers_micro_d
Lair:1:   layout_regular_city, nicolae_lair_lil_pond, grunt_megastairs_4,
          serial_bayou_shore_b, serial_bayou_shore_a, lemuel_fruit_fields,
          uniq_joseph
Lair:2:   layout_hall_layers, nicolae_spider_entry_non_spiders,
          serial_bayou_shore_b
Lair:3:   layout_hall_layers, skrybe_swamp_entry_bodies

Skill      XL: |  1  2  3  4  5  6  7  8  9 10 11 12 13 |
---------------+----------------------------------------+-----
Earth Magic    | 4 5 8 10 | 10.0
Spellcasting   | 3 5 6 7 9 10 | 10.0
Conjurations   | 3 4 10 | 10.0
Evocations     | 5 7 |  7.0
Invocations    | 7 8 |  8.8
Hexes          | 3 6 |  6.0
Fighting       | 7 9 |  9.7
Dodging        | |  1.5
Stealth        | |  2.1
Transmutations | |  0.7

Action                   |  1- 3 |  4- 6 |  7- 9 | 10-12 | 13-15 || total
-------------------------+-------+-------+-------+-------+-------++-------
Melee: Unarmed           |     4 |       |       |       |       ||     4
       Dagger            |    14 |    16 |       |       |       ||    30
       Short sword       |       |    73 |       |       |       ||    73
       Spear             |       |       |   136 |   246 |    21 ||   403
       Punch             |       |       |     1 |       |       ||     1
 Cast: Sandblast         |    33 |    28 |    41 |    41 |       ||   143
       Stone Arrow       |       |       |    58 |   216 |    58 ||   332
       Lee's Rapid Decon |       |       |       |    16 |     2 ||    18
       Leda's Liquefacti |       |       |       |     5 |       ||     5
       Petrify           |       |       |       |     1 |     1 ||     2
  Use: Scroll            |       |       |    14 |     6 |     2 ||    22
       Potion            |       |       |       |     4 |     3 ||     7
 Stab: Sleeping          |     1 |     2 |     1 |       |       ||     4
       Distracted        |       |     1 |       |     1 |       ||     2
       Petrified         |       |       |       |     8 |       ||     8
Armor: Robe              |     6 |    41 |    66 |     7 |       ||   120
       Steam dragon scal |       |       |       |   224 |    51 ||   275
Dodge: Dodged            |    15 |    92 |   150 |   349 |    42 ||   648
       Repelled          |       |       |       |     4 |       ||     4
